[Event "Titled Tuesday Blitz March 21 Late 2023"]
[White "Kurtz, Eric M"]
[Black "Przybylski, Wojciech"]
[WhiteFideId "30939763"]
[BlackFideId "1117599"]
[WhiteElo "2623"]
[BlackElo "2222"]
[Result "1-0"]
[Round "05"]
[TimeControl "180+2"]
[Date "2023.03.21"]
[WhiteClock "0:00:17"]
[BlackClock "0:00:02"]

1. c4 Nf6 2. g3 e5 3. Bg2 Be7 4. Nc3 O-O 5. Nf3 Nc6 6. O-O d6 7. d4 Bf5 8. b3 Re8 9. Bb2 h6 10. h3 Bh7 11. e3 e4 12. Nd2 Bf8 13. Qb1 Qe7 14. a3 a5 15. Qc2 Rac8 16. d5 Nb8 17. b4 Nbd7 18. Rfd1 c6 19. dxc6 bxc6 20. Qb3 Rb8 21. b5 Nc5 22. Qc2 Nd3 23. Rab1 cxb5 24. Nxb5 d5 25. Bd4 Rec8 26. Qa2 dxc4 27. Nxc4 Qe6 28. Bxf6 gxf6 29. Nd4 Rxb1 30. Nxe6 Rxd1+ 31. Kh2 fxe6 32. Nd6 Bxd6 33. Qxe6+ Kg7 34. Qxc8 Nc5 35. Qg4+ Bg6 36. Qxd1 Be7 37. h4 f5 38. Qd4+ Kf8 39. Qh8+ Kf7 40. Qe5 Ne6 41. Bf1 Bf6 42. Qd5 Ke7 43. Bc4 Bf7 44. Qb7+ Kd6 45. Bxe6 Bxe6 46. Qb6+ Ke7 47. Qxa5 Be5 48. Qa4 Kf6 49. Qa7 Bd6 50. a4 Bd5 51. a5 Ke6 52. Qb6 h5 53. a6 Kd7 54. a7 Bc7 55. Qb8 Bc6 56. a8=Q Bxa8 57. Qxa8 f4 58. exf4 Bd6 59. Qxe4 Kc7 60. Qf3 1-0


[Site "https://www.chess.com"]

[Event "Titled Tuesday Blitz March 21 Late 2023"]
[White "Srinath, Rao S.V."]
[Black "Piriflillo"]
[WhiteFideId "5028876"]
[WhiteElo "2196"]
[BlackElo "2434"]
[Result "1-0"]
[Round "05"]
[TimeControl "180+2"]
[Date "2023.03.21"]
[WhiteClock "0:00:28"]
[BlackClock "0:00:04"]

1. d4 Nf6 2. Nf3 d5 3. c4 e6 4. e3 c5 5. Bd3 cxd4 6. exd4 Bb4+ 7. Nbd2 dxc4 8. Bxc4 Nc6 9. a3 Be7 10. Nb3 O-O 11. O-O Nd5 12. Qe2 Bf6 13. Be3 b6 14. Rac1 Bb7 15. Bd3 Qd6 16. Nbd2 Nf4 17. Bxf4 Qxf4 18. Be4 Rac8 19. Qd3 g6 20. g3 Qd6 21. Nc4 Qd7 22. Rfd1 Rfd8 23. Qe3 Ne7 24. Nce5 Bxe5 25. Nxe5 Rxc1 26. Rxc1 Nd5 27. Nxd7 Nxe3 28. Bxb7 Rxd7 29. Bc8 Rxd4 30. fxe3 Rd2 31. Rc7 Rxb2 32. Rxa7 Rb1+ 33. Kg2 Rb2+ 34. Kf3 Rb3 35. Bd7 e5 36. a4 Kf8 37. g4 h5 38. h3 hxg4+ 39. hxg4 Rb4 40. Rb7 e4+ 41. Kf4 f6 42. Bb5 g5+ 43. Kf5 Rb3 44. Kxf6 1-0


[Site "https://www.chess.com"]

[Event "Titled Tuesday Blitz March 21 Late 2023"]
[White "benny_aizenberg"]
[Black "Forgacs, Attila Jr."]
[BlackFideId "773654"]
[WhiteElo "2615"]
[BlackElo "2168"]
[Result "1-0"]
[Round "05"]
[TimeControl "180+2"]
[Date "2023.03.21"]
[WhiteClock "0:01:38"]
[BlackClock "0:00:15"]

1. e4 e5 2. Nf3 Nc6 3. c3 d5 4. Qa4 f6 5. Bb5 Ne7 6. exd5 Qxd5 7. d4 Qe4+ 8. Be3 Bd7 9. Nbd2 Qg4 10. h3 Qxg2 11. O-O-O Qg6 12. dxe5 fxe5 13. Nc4 O-O-O 14. Ncxe5 Nxe5 15. Nxe5 Bxb5 16. Rxd8+ Kxd8 17. Qxb5 Qf5 18. Rd1+ Nd5 19. Qxd5+ Ke7 20. Qd8+ Ke6 21. Qe8+ Be7 22. Qd7+ Kf6 23. Ng4+ Kg6 24. Qxe7 Rf8 25. Rd7 Rf7 26. Ne5+ Kh5 27. Nxf7 Qf3 28. Qg5# 1-0


[Site "https://www.chess.com"]

[Event "Titled Tuesday Blitz March 21 Late 2023"]
[White "Castellanos Gomez, Alejandro"]
[Black "Lamard, Guillaume"]
[WhiteFideId "22284141"]
[BlackFideId "600261"]
[WhiteElo "2158"]
[BlackElo "2413"]
[Result "0-1"]
[Round "05"]
[TimeControl "180+2"]
[Date "2023.03.21"]
[WhiteClock "0:00:04"]
[BlackClock "0:00:19"]

1. d4 Nf6 2. Bf4 e6 3. e3 c5 4. c3 cxd4 5. exd4 b6 6. Nd2 Bb7 7. Ngf3 Be7 8. Bd3 O-O 9. O-O d6 10. h3 a6 11. Re1 Nbd7 12. Bh2 Nd5 13. Ne4 N7f6 14. Qd2 b5 15. Nxf6+ Nxf6 16. Qf4 h6 17. Nd2 Qb6 18. a4 Bc6 19. a5 Qb7 20. Bf1 Rac8 21. Qe3 Bd5 22. Bf4 Bc4 23. Nxc4 bxc4 24. Qd2 Qd5 25. Ra4 Rc7 26. g4 Rfc8 27. Bg2 Qb5 28. Rea1 Nd5 29. Bg3 Rb8 30. R4a2 Rcb7 31. f4 Qc6 32. h4 Rb3 33. f5 exf5 34. gxf5 Qb5 35. Re1 Bf8 36. Qf2 Nf6 37. Re2 Re8 38. Bf4 Rxe2 39. Qxe2 Qxf5 40. Bg3 Qb1+ 41. Kh2 Qxa2 42. Qxc4 Rxb2 43. Qc6 d5 0-1


[Site "https://www.chess.com"]

[Event "Titled Tuesday Blitz March 21 Late 2023"]
[White "marik_spb"]
[Black "Sivakumar, Shaaketh"]
[BlackFideId "30940176"]
[WhiteElo "2423"]
[BlackElo "2174"]
[Result "0-1"]
[Round "05"]
[TimeControl "180+2"]
[Date "2023.03.21"]
[WhiteClock "0:00:16"]
[BlackClock "0:01:53"]

1. d4 d6 2. c4 e5 3. dxe5 dxe5 4. Qxd8+ Kxd8 5. g3 c6 6. Bg2 Kc7 7. Nf3 f6 8. O-O Be6 9. b3 Nd7 10. Nc3 a5 11. Be3 a4 12. Nxa4 Bxc4 13. Nc3 Bf7 14. Rfd1 Bb4 15. Ne4 Ne7 16. Nfd2 Nd5 17. Nc4 b5 18. Ncd6 Bxd6 19. Nxd6 Kxd6 20. Rac1 Rxa2 21. b4 Rxe2 22. Ba7 Ra8 23. Bc5+ Nxc5 24. Rxc5 Raa2 25. Rdc1 Rxf2 26. Rxc6+ Kd7 27. Bh1 Rxh2 28. R6c5 Ne3 29. Rc7+ Ke6 30. Be4 Nc4 31. Rb7 f5 32. Bc6 Kf6 33. Bxb5 Bd5 34. Bxc4 Rh1# 0-1


[Site "https://www.chess.com"]

[Event "Titled Tuesday Blitz March 21 Late 2023"]
[White "Ozates, Tuna"]
[Black "Liu, Casper"]
[WhiteFideId "6354521"]
[BlackFideId "1454153"]
[WhiteElo "2151"]
[BlackElo "2221"]
[Result "1-0"]
[Round "05"]
[TimeControl "180+2"]
[Date "2023.03.21"]
[WhiteClock "0:01:40"]
[BlackClock "0:01:06"]

1. e4 c5 2. Nf3 g6 3. d4 cxd4 4. Nxd4 Bg7 5. c4 Nc6 6. Be3 Nf6 7. Nc3 O-O 8. Be2 Qa5 9. O-O a6 10. Kh1 d6 11. f3 Be6 12. Nd5 Bxd5 13. cxd5 Nxd4 14. Bxd4 Rac8 15. Bd3 Nd7 16. Bxg7 Kxg7 17. f4 Nc5 18. Bb1 Qb4 19. Qe2 Na4 20. b3 Qd4 21. Bd3 Nb2 22. Bb1 Rc3 23. Qxb2 1-0


[Site "https://www.chess.com"]

[Event "Titled Tuesday Blitz March 21 Late 2023"]
[White "Perez Rodriguez, Jennifer"]
[Black "Filgueira, Hernan"]
[WhiteFideId "3507831"]
[BlackFideId "101770"]
[WhiteElo "2170"]
[BlackElo "2363"]
[Result "1/2-1/2"]
[Round "05"]
[TimeControl "180+2"]
[Date "2023.03.21"]
[WhiteClock "0:00:17"]
[BlackClock "0:00:22"]

1. e4 d6 2. d4 Nf6 3. Nc3 Nbd7 4. Nf3 e5 5. Rg1 h5 6. Bg5 Be7 7. Qd2 c6 8. O-O-O Qa5 9. dxe5 dxe5 10. Kb1 Bb4 11. Bxf6 Nxf6 12. Ng5 Bxc3 13. Qxc3 Qxc3 14. bxc3 Ke7 15. Bc4 Be6 16. Bxe6 fxe6 17. Rd3 Rad8 18. Rgd1 Rxd3 19. cxd3 h4 20. h3 Nh5 21. Nf3 Rf8 22. Rd2 Kd6 23. Nxh4 Nf4 24. d4 exd4 25. cxd4 g5 26. Nf3 Nxh3 27. Kc2 g4 28. gxh3 gxf3 29. Rd3 c5 30. dxc5+ Ke5 31. Re3 Kf4 32. Rb3 Rc8 33. Rxb7 Rxc5+ 34. Kd2 Ra5 35. Rb2 e5 36. h4 Kxe4 37. Rb4+ Kf5 38. a4 Rc5 39. Ke3 Rc3+ 40. Kd2 Ra3 41. h5 e4 42. h6 Rd3+ 43. Kc2 Rd6 44. h7 Rh6 45. Rb7 a6 46. Kd2 Kf4 47. Rf7+ Ke5 48. Ke3 Kd5 49. Re7 Rh4 50. a5 Kc5 51. Rxe4 Rxh7 52. Kxf3 Kd5 53. Rf4 Rh3+ 54. Kg4 Ra3 55. Rf5+ Ke4 56. f4 Ra1 57. Rc5 Kd4 58. Re5 Rg1+ 59. Kf5 Rg8 60. Re6 Kc5 61. Rxa6 Kd5 62. Rf6 Rg1 63. a6 Ra1 64. Kg6 Ke4 65. Kf7 Ra5 66. f5 Kd4 67. Ke7 Ke5 68. Re6+ Kxf5 69. Re2 Rxa6 70. Rf2+ Ke5 71. Re2+ Kd5 72. Rd2+ Kc4 73. Rc2+ Kd3 74. Rg2 Ra4 75. Rg3+ Kc2 76. Rg2+ Kb3 77. Rg3+ Ka2 78. Rg2+ Ka3 79. Rg3+ Kb4 80. Rg4+ Ka5 81. Rxa4+ Kxa4 1/2-1/2


[Site "https://www.chess.com"]

[Event "Titled Tuesday Blitz March 21 Late 2023"]
[White "Sokac, Marko"]
[Black "Hoffmann, Asa"]
[WhiteFideId "14531356"]
[BlackFideId "2001470"]
[WhiteElo "2355"]
[BlackElo "2117"]
[Result "1-0"]
[Round "05"]
[TimeControl "180+2"]
[Date "2023.03.21"]
[WhiteClock "0:01:13"]
[BlackClock "0:00:29"]

1. e4 d6 2. Nc3 c6 3. d4 Nf6 4. f3 Nbd7 5. Be3 e5 6. Nge2 Be7 7. g4 b5 8. Ng3 Nb6 9. dxe5 dxe5 10. Qxd8+ Bxd8 11. O-O-O h6 12. h4 Be6 13. Bc5 Nfd7 14. Bd6 f6 15. Nf5 Bxf5 16. gxf5 Be7 17. Rg1 Rg8 18. Bh3 Rd8 19. Bg4 Nc4 20. Bh5+ Kf8 21. Bxe7+ Kxe7 22. Rd3 Nc5 23. Rxd8 Rxd8 24. Rxg7+ Kf8 25. Rf7+ Kg8 26. Rxf6 b4 27. Bf7+ Kg7 28. Rxc6 Kxf7 29. Rxc5 Ne3 30. Nd5 Nxd5 31. Rxd5 Re8 32. Rd7+ Kf6 33. Rh7 a5 34. Rxh6+ Kf7 35. Kd2 Rd8+ 36. Ke3 Rc8 37. Ra6 Rxc2 38. Rxa5 Rxb2 39. Rxe5 Rxa2 40. Rb5 Ra3+ 41. Kf4 b3 42. e5 Ra4+ 43. Kg5 Ra5 44. Rxa5 1-0


[Site "https://www.chess.com"]

[Event "Titled Tuesday Blitz March 21 Late 2023"]
[White "Blomqvist, Erik"]
[Black "drdaro"]
[WhiteFideId "1709437"]
[WhiteElo "2436"]
[BlackElo "2392"]
[Result "0-1"]
[Round "05"]
[TimeControl "180+2"]
[Date "2023.03.21"]
[WhiteClock "0:00:38"]
[BlackClock "0:01:02"]

1. d4 g6 2. e4 Nf6 3. e5 Nh5 4. Be2 d6 5. Nf3 dxe5 6. Nxe5 Nf6 7. O-O Bg7 8. c4 O-O 9. Nc3 Nbd7 10. f4 c6 11. Be3 h5 12. Qe1 Nxe5 13. fxe5 Ng4 14. Bxg4 Bxg4 15. Qh4 c5 16. Nd5 e6 17. Bg5 Qd7 18. Ne7+ Kh7 19. h3 Qxd4+ 20. Rf2 Bf5 21. g4 Bxe5 22. Re1 f6 23. Be3 Qxc4 24. b3 Qb4 25. Bd2 Qd4 26. Be3 Qb4 27. a3 Qxe1+ 28. Kg2 Be4+ 0-1


[Site "https://www.chess.com"]

[Event "Titled Tuesday Blitz March 21 Late 2023"]
[White "Papp, Levente"]
[Black "Krzywda, Andrzej"]
[WhiteFideId "751243"]
[BlackFideId "1114565"]
[WhiteElo "2380"]
[BlackElo "2155"]
[Result "1-0"]
[Round "05"]
[TimeControl "180+2"]
[Date "2023.03.21"]
[WhiteClock "0:00:03"]
[BlackClock "0:00:01"]

1. b3 Nf6 2. Bb2 d5 3. Nf3 c5 4. g3 Nc6 5. Bg2 g6 6. O-O Bg7 7. d4 cxd4 8. Nxd4 O-O 9. Nxc6 bxc6 10. c4 Be6 11. Qc1 Qc8 12. Rd1 Qa6 13. Nd2 Rfd8 14. e4 d4 15. e5 Ng4 16. Ne4 Bxe5 17. h3 Nf6 18. Nc5 Qb6 19. Nxe6 fxe6 20. Re1 Nd7 21. Qd2 Rac8 22. Kh2 c5 23. f4 Bg7 24. Qd3 Nf8 25. Re2 a5 26. Rae1 Rd6 27. h4 a4 28. bxa4 Rb8 29. Bh3 Kf7 30. h5 Bf6 31. Ba3 Qa5 32. g4 Rbb6 33. Bc1 Qxa4 34. f5 gxf5 35. gxf5 e5 36. Bg2 Qd7 37. Bd5+ Rxd5 38. cxd5 Qxd5 39. Rg2 c4 40. Qg3 Qa5 41. Bh6 d3 42. Qg8+ Ke8 43. Bxf8 Kd7 44. Qxc4 Qxe1 45. Qxd3+ Ke8 46. Bh6 Qh4+ 47. Kg1 Qe1+ 48. Kh2 Qh4+ 49. Kg1 Qe1+ 50. Qf1 Rb1 51. Qxe1 Rxe1+ 52. Kh2 Ra1 53. Kh3 e4 54. Bg7 Kf7 55. h6 e3 56. Kg4 1-0


[Site "https://www.chess.com"]

[Event "Titled Tuesday Blitz March 21 Late 2023"]
[White "Hindermann, Felix"]
[Black "Marjanovic, Annamaria"]
[WhiteFideId "1305212"]
[BlackFideId "750930"]
[WhiteElo "2206"]
[BlackElo "2212"]
[Result "0-1"]
[Round "05"]
[TimeControl "180+2"]
[Date "2023.03.21"]
[WhiteClock "0:00:12"]
[BlackClock "0:00:11"]

1. e4 e6 2. d4 d5 3. e5 c5 4. c3 Nc6 5. Be3 Bd7 6. Nf3 Nh6 7. dxc5 Nf5 8. Bd4 Nfxd4 9. cxd4 Qa5+ 10. Nc3 b6 11. cxb6 Qxb6 12. Qd2 Rb8 13. Rb1 Bb4 14. Be2 O-O 15. O-O Rfc8 16. Rfc1 Qa5 17. a3 Bxc3 18. Rxc3 Qb6 19. h4 Na5 20. Rxc8+ Rxc8 21. Rc1 Nb3 22. Rxc8+ Bxc8 23. Qc3 Bd7 24. Bd1 Na5 25. b3 h6 26. Bc2 Kf8 27. a4 Nc6 28. Qc5+ Qxc5 29. dxc5 Nb4 30. Bb1 Na6 31. Nd4 Nxc5 32. f4 Ke7 33. Kf2 Kd8 34. Ke3 Kc7 35. g4 Kb6 36. f5 Ka5 37. Bd3 Kb4 38. Bc2 Kc3 39. Bd1 a6 40. Bc2 a5 41. Bd1 Nd3 42. Nb5+ Bxb5 43. axb5 Nxe5 44. Kf4 Nd7 45. g5 e5+ 46. Kf3 hxg5 47. hxg5 Kb4 48. Be2 f6 49. gxf6 gxf6 50. Kg4 d4 51. Bc4 e4 52. Kf4 e3 53. Ke4 Kc5 54. Kd3 Ne5+ 55. Ke2 a4 56. b6 Kxb6 57. bxa4 Nxc4 58. Kd3 Kc5 59. a5 Nxa5 60. Ke4 e2 61. Kf4 e1=Q 62. Kg4 Qe5 63. Kh5 Qxf5+ 64. Kh6 Qg5+ 65. Kh7 d3 66. Kh8 d2 67. Kh7 d1=Q 68. Kh8 Qdh5# 0-1


[Site "https://www.chess.com"]

[Event "Titled Tuesday Blitz March 21 Late 2023"]
[White "Poliakova, Varvara"]
[Black "Petukhov, Dmitry"]
[WhiteFideId "13518313"]
[BlackFideId "4142748"]
[WhiteElo "2075"]
[BlackElo "2311"]
[Result "0-1"]
[Round "05"]
[TimeControl "180+2"]
[Date "2023.03.21"]
[WhiteClock "0:00:04"]
[BlackClock "0:00:43"]

1. e4 c5 2. Nf3 d6 3. d4 cxd4 4. Nxd4 Nf6 5. Nc3 Nc6 6. h3 e5 7. Nde2 Be6 8. g4 d5 9. exd5 Nxd5 10. Bg2 Bb4 11. O-O Nxc3 12. Nxc3 Bxc3 13. bxc3 O-O 14. Ba3 Re8 15. Qd3 Qa5 16. Bd6 Rad8 17. Rfd1 Rd7 18. Bxc6 bxc6 19. c4 c5 20. Qd2 Qxd2 21. Rxd2 Red8 22. Rad1 Bxc4 23. a3 f6 24. f4 e4 25. Kf2 g6 26. Ke3 f5 27. Bxc5 Rxd2 28. Rxd2 Rxd2 29. Kxd2 a6 30. Be3 Bf1 31. gxf5 gxf5 32. h4 Kf7 33. Kc3 Kg6 34. Kd4 Kh5 35. c4 Kxh4 36. c5 Bb5 37. Kd5 Kg3 38. c6 h5 39. Kd6 Bxc6 40. Kxc6 h4 41. Bg1 Kg2 0-1


[Site "https://www.chess.com"]

[Event "Titled Tuesday Blitz March 21 Late 2023"]
[White "Pniaczek, Marek"]
[Black "Al Hosani, Omran"]
[WhiteFideId "21800421"]
[BlackFideId "9308733"]
[WhiteElo "2138"]
[BlackElo "2177"]
[Result "1-0"]
[Round "05"]
[TimeControl "180+2"]
[Date "2023.03.21"]
[WhiteClock "0:00:15"]
[BlackClock "0:00:01"]

1. e4 e5 2. Nf3 Nc6 3. Nc3 Nf6 4. d4 exd4 5. Nxd4 Bc5 6. Nf5 O-O 7. Be3 Bxe3 8. Nxe3 d6 9. Bd3 Re8 10. O-O Ne5 11. f4 Neg4 12. Nxg4 Bxg4 13. Qd2 c6 14. Rae1 Qb6+ 15. Kh1 Qxb2 16. e5 dxe5 17. fxe5 Nd5 18. Ne4 Rxe5 19. Ng5 Rxe1 20. Bxh7+ Kh8 21. Qxe1 Bh5 22. Qh4 Nf6 23. Bd3 Kg8 24. h3 Re8 25. Bh7+ Kf8 26. Qxh5 Qxa2 27. Qh4 1-0


[Site "https://www.chess.com"]

[Event "Titled Tuesday Blitz March 21 Late 2023"]
[White "Abduzhaparov"]
[Black "Riff, Vincent"]
[BlackFideId "617776"]
[WhiteElo "2357"]
[BlackElo "2369"]
[Result "0-1"]
[Round "05"]
[TimeControl "180+2"]
[Date "2023.03.21"]
[WhiteClock "0:00:12"]
[BlackClock "0:01:26"]

1. Nf3 Nf6 2. c4 d6 3. d4 Nbd7 4. Nc3 e5 5. e4 Be7 6. Be2 O-O 7. O-O c6 8. Re1 a6 9. a3 b5 10. b4 bxc4 11. Bxc4 exd4 12. Nxd4 Ne5 13. Ba2 Bg4 14. f3 Bh5 15. Be3 Re8 16. Qd2 d5 17. f4 Nc4 18. Bxc4 dxc4 19. Nxc6 Qc7 20. Nxe7+ Rxe7 21. e5 Rd8 22. exf6 Rxd2 23. fxe7 Rxg2+ 24. Kxg2 Qxe7 25. Rad1 Bxd1 26. Nxd1 h5 27. Kf2 Qd7 28. Nc3 Qh3 29. Kg1 h4 30. Re2 Qf3 31. Bd2 h3 32. Rf2 Qg4+ 33. Kf1 Qf5 34. Ke1 Qc2 35. f5 Qb3 36. a4 Qxb4 37. f6 gxf6 38. Rxf6 Qe7+ 39. Ne4 Qxe4+ 40. Kd1 Qd3 41. Rc6 Qf3+ 0-1


[Site "https://www.chess.com"]

[Event "Titled Tuesday Blitz March 21 Late 2023"]
[White "Fernandez Siles, Luis"]
[Black "Koellner, Ruben Gideon"]
[WhiteFideId "2209420"]
[BlackFideId "12993093"]
[WhiteElo "2186"]
[BlackElo "2303"]
[Result "1-0"]
[Round "05"]
[TimeControl "180+2"]
[Date "2023.03.21"]
[WhiteClock "0:00:14"]
[BlackClock "0:00:02"]

1. d4 d6 2. Nf3 Nf6 3. c4 g6 4. Nc3 Bf5 5. Ng5 Bg7 6. e4 Bd7 7. Be2 e5 8. d5 a5 9. h4 h6 10. Nh3 Na6 11. f3 Nh5 12. Nf2 Ng3 13. Rh2 Nc5 14. Nh1 Nxh1 15. Rxh1 f5 16. h5 g5 17. g4 fxg4 18. fxg4 O-O 19. Be3 Qe7 20. Rf1 Rf4 21. Bxf4 exf4 22. Bf3 Re8 23. Kf2 Bxc3 24. bxc3 Nxe4+ 25. Bxe4 Qxe4 26. Re1 Qxc4 27. Rxe8+ Bxe8 28. Qd4 Qxd4+ 29. cxd4 Bf7 30. Rc1 Bxd5 31. Rxc7 Bxa2 32. Rxb7 a4 33. Ra7 Bb3 34. Ra6 Bd1 35. Rxd6 a3 36. Rxh6 Bxg4 37. Rg6+ Kf7 38. Rxg5 a2 39. Ra5 1-0


[Site "https://www.chess.com"]

[Event "Titled Tuesday Blitz March 21 Late 2023"]
[White "Bolanos, Fernando"]
[Black "Defend1r"]
[WhiteFideId "3304094"]
[WhiteElo "2166"]
[BlackElo "2568"]
[Result "1-0"]
[Round "05"]
[TimeControl "180+2"]
[Date "2023.03.21"]
[WhiteClock "0:00:10"]
[BlackClock "0:00:20"]

1. e4 c5 2. Nf3 d6 3. d4 cxd4 4. Nxd4 Nf6 5. f3 a6 6. c4 e6 7. Nc3 Be7 8. Be3 Nc6 9. Be2 Bd7 10. O-O O-O 11. Qd2 Rc8 12. Rfc1 Qa5 13. a3 Ne5 14. b4 Qc7 15. Nd1 Qb8 16. Nf2 d5 17. exd5 exd5 18. c5 Ng6 19. a4 Rfe8 20. Nb3 Bd8 21. b5 Qe5 22. Nd1 axb5 23. axb5 Bc7 24. g3 d4 25. Nxd4 Nd5 26. Nc2 Bf5 27. Bd3 Bxd3 28. Qxd3 Qh5 29. Bf2 Rcd8 30. Nd4 Ne5 31. Qf5 Qh6 32. f4 Ng6 33. b6 Bb8 34. c6 bxc6 35. Nxc6 Ngxf4 36. Nxd8 Ne2+ 37. Kf1 Rxd8 38. Rc8 Qxb6 39. Bxb6 g6 40. Rxd8+ Kg7 41. Qxd5 Nf4 42. Bd4+ Kh6 43. gxf4 Bxf4 44. Ra5 f6 45. Be3 Bxe3 46. Nxe3 f5 47. Nxf5+ Kg5 48. Ng3+ Kg4 49. Qg5+ Kh3 50. Qh6+ Kg4 51. Rd4+ Kf3 52. Ra3# 1-0


[Site "https://www.chess.com"]

[Event "Titled Tuesday Blitz March 21 Late 2023"]
[White "Storn, Justin"]
[Black "Medina Paz, Miguel"]
[WhiteFideId "30922720"]
[BlackFideId "7300379"]
[WhiteElo "2321"]
[BlackElo "2428"]
[Result "0-1"]
[Round "05"]
[TimeControl "180+2"]
[Date "2023.03.21"]
[WhiteClock "0:00:53"]
[BlackClock "0:01:03"]

1. d4 e6 2. c4 Nf6 3. Nc3 Bb4 4. e3 Bxc3+ 5. bxc3 c5 6. Bd3 d6 7. Nf3 Nc6 8. O-O e5 9. d5 Ne7 10. e4 Ng6 11. Rb1 O-O 12. Re1 Rb8 13. Bf1 Bg4 14. h3 Bc8 15. g3 b6 16. a4 a5 17. Be3 h6 18. Rb2 Qe7 19. Nd2 Nh7 20. Qh5 Bd7 21. Ra2 Qe8 22. Bd3 Bxa4 23. Rb1 Bd7 24. Rab2 Qd8 25. Nb3 Ra8 26. Nc1 a4 27. Rxb6 a3 28. Na2 Bc8 29. Kh2 Nf6 30. Qd1 Nh7 31. Qh5 Nf6 32. Qd1 Kh7 33. Bc1 Qd7 34. Qb3 Qxh3+ 35. Kg1 Ng4 36. Be3 Nxe3 37. fxe3 Qxg3+ 38. Kf1 Qf3+ 39. Ke1 Qxe3+ 40. Be2 Nf4 41. Nc1 Bg4 42. Qc2 a2 43. Ra1 f5 44. Rxd6 fxe4 45. Rc6 Ng2+ 46. Kd1 Rf1# 0-1


[Site "https://www.chess.com"]

[Event "Titled Tuesday Blitz March 21 Late 2023"]
[White "Mendez Fortes, Eduardo Jesus"]
[Black "MunichMouse"]
[WhiteFideId "3502376"]
[WhiteElo "2307"]
[BlackElo "2320"]
[Result "1-0"]
[Round "05"]
[TimeControl "180+2"]
[Date "2023.03.21"]
[WhiteClock "0:02:38"]
[BlackClock "0:00:45"]

1. e4 c5 2. Nf3 d6 3. d4 cxd4 4. Nxd4 Nf6 5. Nc3 a6 6. Bg5 e6 7. f4 Be7 8. Qf3 Qc7 9. O-O-O Bd7 10. Bd3 Nc6 11. Nxc6 Qxc6 12. Rhe1 b5 13. Qg3 b4 14. Ne2 h6 15. Bxf6 Bxf6 16. e5 dxe5 17. fxe5 Bg5+ 18. Kb1 O-O 19. h4 Be7 20. Nd4 Qb6 21. Qf4 Bc6 22. Nxc6 Qxc6 23. Be4 Qc4 24. Bh7+ Kxh7 25. Qxc4 Rac8 1-0


[Site "https://www.chess.com"]

[Event "Titled Tuesday Blitz March 21 Late 2023"]
[White "TimGrutter03"]
[Black "Harish, Neeraj"]
[BlackFideId "30958130"]
[WhiteElo "2547"]
[BlackElo "1963"]
[Result "1-0"]
[Round "05"]
[TimeControl "180+2"]
[Date "2023.03.21"]
[WhiteClock "0:00:43"]
[BlackClock "0:00:01"]

1. e4 e5 2. Nf3 Nc6 3. Bb5 a6 4. Ba4 Nf6 5. O-O Be7 6. d3 b5 7. Bb3 O-O 8. Re1 Bb7 9. Nbd2 d6 10. c3 Na5 11. Bc2 c5 12. Nf1 Qc7 13. Ng3 Rfe8 14. Nf5 Bf8 15. Bg5 Nd7 16. Qd2 g6 17. Nh6+ Kg7 18. Ng4 f6 19. Bh6+ Kg8 20. Rac1 d5 21. Bxf8 Rxf8 22. b4 dxe4 23. dxe4 Nc4 24. Bb3 Nb6 25. Qh6 Qg7 26. Qxg7+ Kxg7 27. bxc5 Nd7 28. Bxc4 bxc4 29. Ne3 Nxc5 30. Nxc4 Nd3 31. Rb1 Nxe1 32. Rxb7+ Rf7 33. Rxf7+ Kxf7 34. Nxe1 Ke6 35. Ne3 Rb8 36. Kf1 Rb2 37. a4 Ra2 38. Nd3 Kd6 39. a5 Kc7 40. Nc4 Rc2 41. Nb4 Rc1+ 42. Ke2 Kb7 43. Kd2 Rf1 44. Ke3 Re1+ 45. Kd2 Rf1 46. Nd3 Rg1 47. g3 Rh1 48. h4 Ra1 49. Nc5+ Ka7 50. Nd7 Ra4 51. Kd3 f5 52. Ndxe5 fxe4+ 53. Kxe4 1-0


[Site "https://www.chess.com"]

[Event "Titled Tuesday Blitz March 21 Late 2023"]
[White "Manukyan, Sargis V."]
[Black "Thiel, Thomas"]
[WhiteFideId "13303465"]
[BlackFideId "4615964"]
[WhiteElo "2236"]
[BlackElo "2273"]
[Result "1-0"]
[Round "05"]
[TimeControl "180+2"]
[Date "2023.03.21"]
[WhiteClock "0:01:30"]
[BlackClock "0:01:17"]

1. d4 Nf6 2. Nc3 d5 3. Bf4 g6 4. Nf3 Bg7 5. Nb5 Na6 6. c3 c6 7. Na3 O-O 8. e3 Nc7 9. Bd3 a6 10. h4 Nb5 11. Nxb5 axb5 12. a4 bxa4 13. Rxa4 Rxa4 14. Qxa4 Ne4 15. h5 b5 16. Qc2 Bf5 17. Nh4 Bf6 18. hxg6 fxg6 19. Nxf5 gxf5 20. f3 e5 21. Bxe5 Bxe5 22. dxe5 Ng3 23. Rh3 Qg5 24. Kf2 Ne4+ 25. Bxe4 fxe4 26. Rg3 1-0


[Site "https://www.chess.com"]

[Event "Titled Tuesday Blitz March 21 Late 2023"]
[White "The_Sherman_Variation"]
[Black "Lauridsen, Jesper Morch"]
[BlackFideId "1401890"]
[WhiteElo "2541"]
[BlackElo "2268"]
[Result "1-0"]
[Round "05"]
[TimeControl "180+2"]
[Date "2023.03.21"]
[WhiteClock "0:00:40"]
[BlackClock "0:00:08"]

1. b3 a5 2. a4 b6 3. Bb2 Bb7 4. Nf3 Nf6 5. g3 e6 6. Bg2 c5 7. O-O Be7 8. Na3 O-O 9. d4 cxd4 10. Bxd4 Bxa3 11. Rxa3 Nc6 12. Bb2 Nb4 13. Ra1 Be4 14. c3 Na6 15. Rc1 Rc8 16. Ba3 Nc5 17. b4 axb4 18. cxb4 Nb7 19. Qd4 d5 20. Rxc8 Qxc8 21. Qxb6 Nd7 22. Qd4 Qa8 23. a5 Nd6 24. Bb2 f6 25. Nd2 Bxg2 26. Kxg2 e5 27. Qd3 Rc8 28. f3 g6 29. Rc1 Rxc1 30. Bxc1 d4 31. Nc4 Nf5 32. g4 Nh4+ 33. Kh3 g5 34. Nd6 Kg7 35. Qc4 Nxf3 36. Qf7+ Kh6 37. Nf5# 1-0


[Site "https://www.chess.com"]

[Event "Titled Tuesday Blitz March 21 Late 2023"]
[White "Bochnicka, Vladimir"]
[Black "dorpato"]
[WhiteFideId "14943450"]
[WhiteElo "2094"]
[BlackElo "2017"]
[Result "1-0"]
[Round "05"]
[TimeControl "180+2"]
[Date "2023.03.21"]
[WhiteClock "0:00:13"]
[BlackClock "0:00:15"]

1. e4 c5 2. Nf3 g6 3. d4 cxd4 4. Nxd4 Bg7 5. c4 Nc6 6. Be3 Nf6 7. Nc3 d6 8. Be2 O-O 9. O-O Bd7 10. h3 Nxd4 11. Bxd4 Bc6 12. Qc2 a5 13. Rad1 Nd7 14. Bxg7 Kxg7 15. Bg4 Ne5 16. c5 Nxg4 17. hxg4 Qd7 18. cxd6 exd6 19. f3 Qe6 20. Qd2 Rad8 21. Kf2 Qe5 22. Rh1 g5 23. Qd4 h6 24. Ne2 Qxd4+ 25. Nxd4 Bd7 26. Nc2 Be6 27. Ne3 Rd7 28. Rd4 Rc8 29. Rhd1 Rc6 30. Kg3 Kf8 31. a3 Ke7 32. R1d2 b6 33. Rd1 f6 34. Rh1 Rc5 35. Rxh6 d5 36. Rh7+ Ke8 37. Rxd7 Kxd7 38. exd5 Bf7 39. f4 gxf4+ 40. Kxf4 Kd6 41. Nf5+ Kd7 42. d6 Re5 43. Re4 Rxe4+ 44. Kxe4 Be6 45. Kd4 Bxf5 46. gxf5 Kxd6 47. g4 b5 48. b3 Kc6 49. b4 axb4 50. axb4 Kd6 51. Ke4 Kc6 52. Kf4 Kd5 53. g5 fxg5+ 54. Kxg5 Kc4 55. f6 Kxb4 56. f7 Ka3 57. f8=Q+ b4 58. Qf1 b3 59. Qb1 b2 60. Kf4 1-0


[Site "https://www.chess.com"]

[Event "Titled Tuesday Blitz March 21 Late 2023"]
[White "Di Berardino, Diego Rafael"]
[Black "ilya2700"]
[WhiteFideId "2105446"]
[WhiteElo "2432"]
[BlackElo "2150"]
[Result "1-0"]
[Round "05"]
[TimeControl "180+2"]
[Date "2023.03.21"]
[WhiteClock "0:00:05"]
[BlackClock "0:00:04"]

1. e4 e5 2. Nf3 Nc6 3. Bc4 Bc5 4. c3 Nf6 5. d3 a6 6. O-O d6 7. a4 Ba7 8. Nbd2 h6 9. Re1 g5 10. Nf1 Nh7 11. Be3 g4 12. N3d2 h5 13. Bxa7 Rxa7 14. Ne3 Rg8 15. Rf1 Qg5 16. Qe2 Qg6 17. f3 g3 18. h3 Ng5 19. f4 exf4 20. Nf5 Ne5 21. Rxf4 Be6 22. d4 Nxc4 23. Nxc4 Kd7 24. Raf1 Raa8 25. Nh4 Qh6 26. Rf6 Qg7 27. d5 Bxh3 28. gxh3 Nxh3+ 29. Kg2 Ng5 30. e5 Rae8 31. Nf5 Qh8 32. Nd4 h4 33. Rxf7+ Nxf7 34. Rxf7+ Kd8 35. Nxd6 h3+ 36. Kf3 Qxe5 37. Ne6+ Rxe6 38. Nxb7+ Kc8 39. dxe6 Qxe2+ 40. Kxe2 g2 41. e7 g1=Q 42. Rf8+ Kxb7 43. e8=Q Qg2+ 44. Kd3 Rxf8 45. Qxf8 h2 46. Qb4+ Ka8 47. Qf8+ Ka7 48. Qc5+ Kb7 49. Qb4+ Kc8 50. Qf8+ Kd7 51. Qf7+ Kd6 52. Qf6+ Kd5 53. c4+ Kc5 54. Qf8+ Kc6 55. Qa8+ Kb6 56. Qxg2 1-0


[Site "https://www.chess.com"]